 Dungeon Crawl Stone Soup version 0.29.1-15-g9cfb28693d (webtiles) character file.

Game seed: 7721338962623588646

226 jtron the Poker (level 6, -6/47 HPs)
             Began as a Gnoll Wanderer on Mar 3, 2023.
             Splashed by a jelly's acid (10 damage)
             ... on level 4 of the Dungeon.
             The game lasted 00:06:21 (3475 turns).

jtron the Poker (Gnoll Wanderer)                    Turns: 3475, Time: 00:06:23

Health: -6/47      AC: -15   Str:  8    XL:     6   Next: 1%
Magic:  13/13      EV: 16    Int: 20    God:
Gold:   223        SH:  5    Dex: 14    Spells: 11/15 levels left

rFire   . . .      SeeInvis .   a - +2 spear
rCold   . . .      Faith    .   b - +0 buckler
rNeg    . . .      Spirit   .   d - +0 robe
rPois   .          Reflect  .   p - +0 helmet
rElec   .          Harm     .   (no cloak)
rCorr   .          Rampage  .   j - +0 pair of gloves
Will    .....                   (no boots)
Stlth   ++........              (no amulet)
HPRegen 0.15/turn               f - +4 ring of evasion
MPRegen 0.13/turn               s - +6 ring of intelligence

@: mighty, corroded
A: fangs 1, strong nose, distributed training
a: no special abilities


You were on level 4 of the Dungeon.
You visited 1 branch of the dungeon, and saw 4 of its levels.

You collected 223 gold pieces.

Inventory:

Hand Weapons
 a - a +2 spear (weapon)
Missiles
 m - 28 stones (quivered)
 t - 3 poisoned darts
 w - 3 curare-tipped darts
Armour
 b - a +0 buckler (worn)
 d - a +0 robe (worn)
 j - a +0 pair of gloves (worn)
 p - a +0 helmet (worn)
Jewellery
 e - a +4 ring of evasion
 f - a +4 ring of evasion (left hand)
 s - a +6 ring of intelligence (right hand)
Scrolls
 c - 2 scrolls of blinking
 h - a scroll of amnesia {unknown}
 i - a scroll of silence {unknown}
 o - a scroll of summoning {unknown}
 q - 3 scrolls of fog
 v - a scroll of identify
 x - a scroll of noise {unknown}
Potions
 g - 3 potions of curing
 k - a potion of mutation {unknown}
 l - a potion of haste
 n - 2 potions of cancellation
 r - a potion of might
 u - a potion of invisibility {unknown}
 z - a potion of degeneration {unknown}


   Skills:
 + Level 3.1 Fighting
 + Level 1.8 Short Blades
 + Level 1.8 Long Blades
 + Level 1.8 Axes
 + Level 1.8 Maces & Flails
 + Level 6.8 Polearms
 + Level 1.8 Staves
 + Level 1.8 Ranged Weapons
 + Level 1.8 Throwing
 + Level 3.1 Armour
 + Level 3.1 Dodging
 + Level 1.8 Stealth
 + Level 3.1 Shields
 + Level 1.8 Unarmed Combat
 + Level 5.3 Spellcasting
 + Level 1.4 Conjurations
 + Level 1.4 Hexes
 + Level 1.4 Summonings
 + Level 1.4 Necromancy
 + Level 1.4 Translocations
 + Level 2.5 Transmutations
 + Level 1.4 Fire Magic
 + Level 1.4 Ice Magic
 + Level 1.4 Air Magic
 + Level 1.4 Earth Magic
 + Level 1.4 Poison Magic
 + Level 2.0 Invocations
 + Level 1.8 Evocations


You had 11 spell levels left.
You knew the following spells:

 Your Spells              Type           Power      Damage    Failure   Level
a - Wereblood             Tmut           15%        N/A       8%          2
b - Passwall              Tmut/Erth      10%        N/A       10%         2

Your spell library contained the following spells:

 Spells                   Type           Power      Damage    Failure   Level
 Gell's Gravitas          Tloc           11%        N/A       24%         3
 Lesser Beckoning         Tloc           11%        N/A       24%         3
 Teleport Other           Tloc           11%        N/A       24%         3


Dungeon Overview and Level Annotations

Branches:
Dungeon (4/15)
 Temple: D:4-7

Altars:
Elyvilon
Hepliaklqana

Shops:
D:4 (


Innate Abilities, Weirdness & Mutations

You have very sharp teeth.
Your uncanny sense of smell can sniff out nearby items.
Your experience applies equally to all skills.


Message History

The jelly misses you.
You hit the jelly but do no damage. The acid corrodes you!
Your hands burn!
The jelly is moderately wounded.
You hit the jelly but do no damage.
Your hands burn!
The jelly is moderately wounded.
The jelly closely misses you.
You hit the jelly but do no damage.
Your hands burn!
The jelly is moderately wounded.
The jelly hits you.
You are splashed with acid!
You are too injured to fight recklessly!
You are too injured to fight recklessly!
You are too injured to fight recklessly!
You are too injured to fight recklessly!
You are too injured to fight recklessly!
You hit the jelly but do no damage. The acid corrodes you!
Your hands burn!
The jelly is moderately wounded.
The jelly barely misses you.
You hit the jelly but do no damage.
Your hands burn!
* * * LOW HITPOINT WARNING * * *
You bite the jelly, but do no damage.
The jelly is moderately wounded.
You block the jelly's attack.
You hit the jelly but do no damage.
Your hands burn!
* * * LOW HITPOINT WARNING * * *
The jelly is moderately wounded.
You feel better. The jelly hits you. The acid corrodes you!
You are splashed with acid!
* * * LOW HITPOINT WARNING * * *
You feel better. The jelly hits you.
You are splashed with acid!
* * * LOW HITPOINT WARNING * * *
You feel very mighty all of a sudden. The jelly misses you.
You hit the jelly but do no damage.
Your hands burn!
* * * LOW HITPOINT WARNING * * *
You bite the jelly, but do no damage.
The jelly is moderately wounded.
The jelly hits you.
* * * LOW HITPOINT WARNING * * *
You are splashed with acid!
You die...

#. ..# ##.## #
...# #..## ...#
##..##
##.#######..#
..##.....#.#
#.##.....#..# #
###.##.....##.# #
..##+#..........#
.# #
......J@........#
.# #
................#
.# #
................#
..
................#
................#
...........######
...........#
...........#


You could see a jelly.

Vanquished Creatures
  A jelly (D:4)
  Natasha (thrice) (D:3)
  An iguana (D:3)
  2 adders
  An ufetubus (D:3)
  2 worms (D:3)
  2 dart slugs (D:4)
  An orc (D:4)
  5 bats
  5 endoplasms
  8 goblins
  A hobgoblin (D:2)
  8 jackals (D:2)
  2 quokkas (D:3)
  6 ball pythons
  A frilled lizard (D:1)
  7 kobolds
  11 rats
67 creatures vanquished.

Vanquished Creatures (others)
  3 withered plants (D:2)
3 creatures vanquished.

Grand Total: 70 creatures vanquished

Notes
Turn   | Place    | Note
-------+----------+-------------------------------------------
     0 | D:1      | jtron the Gnoll Wanderer began the quest for the Orb.
     0 | D:1      | jtron set off with the following items: a +2 spear, a +0
                  | buckler, a scroll of blinking, a +0 robe; and the following
                  | spells available to memorise: Wereblood, Passwall.
     0 | D:1      | Reached XP level 1. HP: 17/17 MP: 6/6
   402 | D:1      | Reached XP level 2. HP: 21/23 MP: 7/7
  1088 | D:2      | Found a faded altar of an unknown god.
  1164 | D:2      | Reached skill level 5 in Spellcasting
  1164 | D:2      | Reached XP level 3. HP: 17/28 MP: 7/9
  1571 | D:2      | Reached skill level 1 in Invocations
  1625 | D:2      | Reached skill level 1 in Short Blades
  1625 | D:2      | Reached skill level 1 in Long Blades
  1625 | D:2      | Reached skill level 1 in Axes
  1625 | D:2      | Reached skill level 1 in Maces & Flails
  1625 | D:2      | Reached skill level 1 in Staves
  1625 | D:2      | Reached skill level 1 in Ranged Weapons
  1625 | D:2      | Reached skill level 1 in Throwing
  1625 | D:2      | Reached skill level 1 in Stealth
  1625 | D:2      | Reached skill level 1 in Unarmed Combat
  1625 | D:2      | Reached skill level 1 in Evocations
  1630 | D:2      | Learned a level 2 spell: Wereblood
  2114 | D:3      | Reached XP level 4. HP: 34/34 MP: 11/11
  2403 | D:3      | Found a white marble altar of Elyvilon.
  2415 | D:3      | Noticed Natasha
  2432 | D:3      | Killed Natasha
  2433 | D:3      | Reached skill level 1 in Conjurations
  2433 | D:3      | Reached skill level 1 in Hexes
  2433 | D:3      | Reached skill level 1 in Summonings
  2433 | D:3      | Reached skill level 1 in Necromancy
  2433 | D:3      | Reached skill level 1 in Translocations
  2433 | D:3      | Reached skill level 1 in Fire Magic
  2433 | D:3      | Reached skill level 1 in Ice Magic
  2433 | D:3      | Reached skill level 1 in Air Magic
  2433 | D:3      | Reached skill level 1 in Earth Magic
  2433 | D:3      | Reached skill level 1 in Poison Magic
  2678 | D:3      | Noticed Natasha
  2686 | D:3      | Learned a level 2 spell: Passwall
  2706 | D:3      | Killed Natasha
  2707 | D:3      | Reached XP level 5. HP: 35/40 MP: 12/12
  2835 | D:3      | Noticed Natasha
  2868 | D:3      | Killed Natasha
  3002 | D:3      | Found a hazy altar of Hepliaklqana.
  3381 | D:4      | Noticed a sky beast
  3400 | D:4      | Reached XP level 6. HP: 47/47 MP: 13/13
  3402 | D:4      | Found Hiuloi's Weapon Shoppe.
  3475 | D:4      | Splashed by a jelly's acid

Illustrated notes

Levels and vault maps discovered:
D:1:      nicolae_arrival_washed_ashore, layout_basic
D:2:      layout_basic, ebering_ecumenical_altar_petrified
D:3:      layout_rooms, nicolae_hepliaklqana_hippocampus, elyvilon_altar_3,
          uniq_natasha
D:4:      layout_basic, serial_shops, kennysheep_little_box,
          minmay_misc_feat_rows

Skill      XL: |  1  2  3  4  5 |
---------------+----------------+-----
Transmutations | 2 |  2.5
Spellcasting   | 5 |  5.3
Invocations    | 1 2 |  2.0
Short Blades   | 1 |  1.8
Long Blades    | 1 |  1.8
Axes           | 1 |  1.8
Maces & Flails | 1 |  1.8
Staves         | 1 |  1.8
Ranged Weapons | 1 |  1.8
Throwing       | 1 |  1.8
Stealth        | 1 |  1.8
Unarmed Combat | 1 |  1.8
Evocations     | 1 |  1.8
Conjurations   | 1 |  1.4
Hexes          | 1 |  1.4
Summonings     | 1 |  1.4
Necromancy     | 1 |  1.4
Translocations | 1 |  1.4
Fire Magic     | 1 |  1.4
Ice Magic      | 1 |  1.4
Air Magic      | 1 |  1.4
Earth Magic    | 1 |  1.4
Poison Magic   | 1 |  1.4
Fighting       | 3 |  3.1
Armour         | 3 |  3.1
Dodging        | 3 |  3.1
Shields        | 3 |  3.1
Polearms       | |  6.8

Action                   |  1- 3 |  4- 6 || total
-------------------------+-------+-------++-------
Melee: Spear             |   140 |   121 ||   261
       Bite              |    11 |     7 ||    18
Throw: Stone             |     2 |     8 ||    10
       Dart              |       |    17 ||    17
  Use: Scroll            |     1 |     5 ||     6
       Potion            |       |     4 ||     4
 Stab: Sleeping          |     1 |     1 ||     2
Armor: Robe              |    11 |     8 ||    19
Dodge: Dodged            |    53 |    50 ||   103
Block: Buckler           |    15 |    15 ||    30
